 Dungeon Crawl Stone Soup version 0.27.1 (webtiles) character file.

Game seed: 8194511794542260275

72 ZARRMARR the Changer (level 4, -4/28 HPs)
             Began as an Octopode Transmuter on Aug 31, 2021.
             Slain by Terence (9 damage)
             ... on level 3 of the Dungeon.
             The game lasted 00:12:57 (2831 turns).

ZARRMARR the Changer (Octopode Transmuter)          Turns: 2831, Time: 00:12:57

Health: -4/28      AC:  1    Str:  9    XL:     4   Next: 26%
Magic:  3/7        EV: 13    Int: 16    God:
Gold:   106        SH:  0    Dex: 12    Spells: 5/7 levels left

rFire    . . .     SeeInvis .     - Unarmed
rCold    . . .     Faith    .   (no shield)
rNeg     . . .     Spirit   .   (helmet currently unavailable)
rPois    .         Reflect  .   (no amulet)
rElec    .         Harm     .   (no ring)
rCorr    .         Rampage  .   (no ring)
Will     .....                  (no ring)
Stlth    ++........             (no ring)
HPRegen  0.09/turn              (no ring)
MPRegen  0.10/turn              (no ring)
                                (no ring)
                                (no ring)

@: appendages
A: tentacle spike 3, almost no armour, amphibious, 8 rings, camouflage 1,
gelatinous body 1, (nimble swimmer 1), tentacles
a: End Transformation


You were on level 3 of the Dungeon.
One of your tentacles had grown a beastly spike.
You visited 1 branch of the dungeon, and saw 3 of its levels.

You collected 106 gold pieces.

Inventory:

Missiles
 c - 4 poisoned darts (quivered)
Jewellery
 d - a ring of flight
Scrolls
 b - 2 scrolls of brand weapon
Potions
 e - a potion of curing


   Skills:
 - Level 1.0 Fighting
 - Level 2.0 Dodging
 + Level 3.0 Unarmed Combat
 + Level 2.0 Spellcasting
 + Level 4.4 Transmutations


You had 5 spell levels left.
You knew the following spells:

 Your Spells              Type           Power      Damage    Failure   Level
a - Beastly Appendage     Tmut           30%        N/A       3%          1
b - Sting                 Tmut/Pois      32%        1d4       9%          1

Your spell library contained the following spells:

 Spells                   Type           Power      Damage    Failure   Level
 Wereblood                Tmut           15%        N/A       5%          2
 Corona                   Hex            1%         N/A       21%         1
 Spider Form              Tmut/Pois      4%         N/A       26%         3
 Ensorcelled Hibernation  Hex/Ice        2%         N/A       30%         2
 Poisonous Vapours        Pois/Air       2%         N/A       30%         2
 Ignite Poison            Fire/Tmut/Pois 6%         N/A       34%         3
 Mephitic Cloud           Conj/Pois/Air  1%         N/A       52%         3
 Tukima's Dance           Hex            1%         N/A       52%         3
 Ice Form                 Ice/Tmut       8%         N/A       63%         4
 Olgreb's Toxic Radiance  Pois           1%         N/A       90%         4
 Bolt of Magma            Conj/Fire/Erth 0%         4d4       99%         5


Dungeon Overview and Level Annotations

Branches:
Dungeon (3/15)

Altars:
Hepliaklqana

Annotations:
D:3 Terence


Innate Abilities, Weirdness & Mutations

One of your tentacles has grown a beastly spike.
You cannot wear most types of armour.
You are amphibious.
You can wear up to eight rings at the same time.
Your skin changes colour to match your surroundings (Stealth+).
Your rubbery body absorbs attacks. (AC +1, EV +1)
((You are camouflaged near water. (Stealth+)))
You have tentacles for arms and can constrict up to eight enemies at once.


Message History

Confirm with . or Enter, or press ? or * to list all spells.
Aiming: Sting (safe; 9% risk of failure)
Press: ? - help, Shift-Dir - straight line, f/p - Terence
Aim: Terence, wielding a +0 hand axe of electrocution and wearing a +3 chain mail of cold resistance (moderately wounded, very poisoned, 77% to hit)
The sting hits Terence but does no damage.
Terence looks even sicker.
Terence is moderately wounded.
Casting: Sting (safe; 9% risk of failure)
Confirm with . or Enter, or press ? or * to list all spells.
Aiming: Sting (safe; 9% risk of failure)
Press: ? - help, Shift-Dir - straight line, f/p - Terence
Aim: Terence, wielding a +0 hand axe of electrocution and wearing a +3 chain mail of cold resistance (moderately wounded, very poisoned, 77% to hit)
The sting hits Terence but does no damage.
Terence looks as sick as possible!
Terence is moderately wounded.
Terence screams, "I'm going to kill you!"
Terence drinks a potion.
Terence goes berserk!
Casting: Sting (safe; 9% risk of failure)
Confirm with . or Enter, or press ? or * to list all spells.
Aiming: Sting (safe; 9% risk of failure)
Press: ? - help, Shift-Dir - straight line, f/p - Terence
Aim: Terence, wielding a +0 hand axe of electrocution and wearing a +3 chain mail of cold resistance (moderately wounded, berserk, extremely poisoned, 77% to hit)
The sting hits Terence but does no damage.
Terence looks as sick as possible!
Terence is moderately wounded.
Terence rages.
You closely miss Terence. Your grab misses Terence.
You pierce Terence, but do no damage.
Terence is moderately wounded.
Terence hits you with a +0 hand axe of electrocution!
You are electrocuted!
* * * LOW HITPOINT WARNING * * *
Terence closely misses you.
Unknown command.
You tentacle-slap Terence. You grab Terence.
You pierce Terence, but do no damage.
You squeeze Terence.
Terence is heavily wounded.
You constrict Terence.
Terence hits you with a +0 hand axe of electrocution!
You die...

############
#..........#
####..........#
..............#
..............#####.####
................@@.†((((
......###########......(
....<........ ....>.(
............> .......
.#....(...... ...####
.#.)......... ####
.#...#.#.....
.##.......#..
.).....#.....


You could see Terence (berserk, extremely poisoned).

Vanquished Creatures
  An adder (D:2)
  2 dart slugs
  4 endoplasms
  3 giant cockroaches
  8 goblins
  4 hobgoblins (D:1)
  6 jackals (D:2)
  4 quokkas
  5 ball pythons
  6 bats
  2 frilled lizards (D:1)
  3 kobolds (D:1)
  3 rats
51 creatures vanquished.

Notes
Turn   | Place    | Note
-------+----------+-------------------------------------------
     0 | D:1      | ZARRMARR the Octopode Transmuter began the quest for the
                  | Orb.
     0 | D:1      | Reached XP level 1. HP: 13/13 MP: 3/3
    63 | D:1      | Reached XP level 2. HP: 10/18 MP: 3/5
   306 | D:1      | Reached skill level 3 in Transmutations
   386 | D:1      | Found a faded altar of an unknown god.
   542 | D:1      | Reached XP level 3. HP: 20/23 MP: 4/6
  1054 | D:1      | Learned a level 1 spell: Sting
  1075 | D:2      | Found a hazy altar of Hepliaklqana.
  1677 | D:2      | Reached skill level 4 in Transmutations
  2033 | D:2      | Reached XP level 4. HP: 27/28 MP: 4/7
  2816 | D:3      | Noticed Terence
  2831 | D:3      | Slain by Terence

Illustrated notes

Levels and vault maps discovered:
D:1:      matt_arrival_diagonals, layout_basic,
          hellmonk_ecumenical_altar_prayer_group, minmay_misc_feat_rows,
          serial_bayou_pond_a
D:2:      layout_basic, basic_altar
D:3:      lemuel_castle_with_subvaults [lemuel_castle_interior_carwin_3],
          layout_basic, grunt_temple_overflow_open, jmf_multi_god_temple2,
          uniq_terence

Skill      XL: |  1  2  3 |
---------------+----------+-----
Transmutations | 3 4 |  4.4
Fighting       | |  1.0
Dodging        | |  2.0
Unarmed Combat | |  3.0
Spellcasting   | |  2.0

Action                   |  1- 3 |  4- 6 || total
-------------------------+-------+-------++-------
Melee: Unarmed           |    70 |    22 ||    92
       Constrict         |    19 |     3 ||    22
       Tentacles         |    17 |     4 ||    21
       Kick              |    10 |     8 ||    18
       Punch             |       |     1 ||     1
Throw: Dart              |     4 |     9 ||    13
 Cast: Beastly Appendage |    23 |     9 ||    32
       Sting             |    10 |    16 ||    26
  Use: Scroll            |       |     2 ||     2
 Stab: Sleeping          |     4 |       ||     4
Armor: Skin              |     5 |     3 ||     8
Dodge: Dodged            |    41 |    13 ||    54
